 Dungeon Crawl Stone Soup version 0.26.0-10-g1f06aea511 (webtiles) character file.

Game seed: 1425128808716163938

6159 Goblin1989 the Slicer (level 10, -11/74 HPs)
             Began as a Demonspawn Delver on Jan 17, 2021.
             Was an Elder of Kikubaaqudgha.
             Mangled by a cane toad (22 damage)
             ... on level 1 of the Lair of Beasts.
             The game lasted 00:23:14 (10356 turns).

Goblin1989 the Slicer (Demonspawn Delver)          Turns: 10356, Time: 00:23:15

Health: -11/74     AC: 11    Str: 15    XL:     10   Next: 60%
Magic:  17/17      EV: 14    Int: 13    God:    Kikubaaqudgha [****..]
Gold:   521        SH:  0    Dex: 14    Spells: 6/19 levels left

rFire    . . .     SeeInvis .   H - +3 dagger (venom)
rCold    . . .     Faith    .   (no shield)
rNeg     . . .     Spirit   .   b - +0 leather armour
rPois    .         Reflect  .   (no helmet)
rElec    .         Harm     .   S - +0 cloak
rCorr    .         Rampage  .   P - +0 pair of gloves
Will     .....                  (no boots)
Stlth    +++.......             (no amulet)
HPRegen  0.22/turn              Q - ring of wizardry
MPRegen  0.15/turn              (no ring)

@: sanguine armour
A: hooves 1, demonic guardian 1, spiny 1, sanguine armour 1
a: Renounce Religion, Receive Corpses


You were on level 1 of the Lair of Beasts.
You worshipped Kikubaaqudgha.
Kikubaaqudgha was greatly pleased with you.
You visited 3 branches of the dungeon, and saw 13 of its levels.

You collected 521 gold pieces.

Inventory:

Hand Weapons
 a - a +0 short sword
 E - the +1 dagger of the Smoking Messenger {venom, *Drain Str+3}
   (You found it on level 6 of the Dungeon)

   It poisons the flesh of those it strikes.
   It affects your strength (+3).
   It causes draining when unequipped.
 H - a +3 dagger of venom (weapon)
Missiles
 B - 4 javelins {@Q2}
 K - 14 poisoned darts (quivered)
 N - 331 stones {@Q3}
 Z - a throwing net {!d , @Q1}
Armour
 b - a +0 leather armour (worn)
 q - a scarf of invisibility
 r - a +0 helmet
 P - a +0 pair of gloves (worn)
 S - a +0 cloak (worn)
Jewellery
 l - an uncursed ring of flight
 p - an uncursed ring of positive energy
 Q - a ring of wizardry (left hand)
Wands
 g - a wand of digging (3) {@v1}
 t - a wand of acid (8) {@v2}
 A - a wand of paralysis (7) {@v7}
Scrolls
 c - 4 scrolls of fog
 e - 3 scrolls of fear
 s - a scroll of random uselessness {unknown}
 u - 2 scrolls of immolation {unknown}
 x - 2 scrolls of amnesia {unknown}
 D - a scroll of vulnerability {unknown}
 I - a scroll of acquirement {unknown}
 L - a scroll of blinking {unknown}
 M - 3 scrolls of magic mapping
 O - 4 scrolls of enchant weapon
 R - 8 scrolls of identify {@r1}
 T - 6 scrolls of remove curse {@r3}
 W - 4 scrolls of teleportation {unknown}
Potions
 f - 3 potions of haste {@q3,}
 v - a potion of invisibility
 z - a potion of flight {unknown}
 C - 2 potions of berserk rage {unknown}
 F - 2 potions of cancellation
 G - a potion of lignification {unknown}
 J - 2 potions of attraction {unknown}
 U - a potion of curing {@q1}
 V - 2 potions of magic {unknown}
 X - 2 potions of mutation {unknown}
 Y - a potion of degeneration {unknown}


   Skills:
 + Level 5.0 Fighting
 * Level 9.2 Short Blades
 + Level 4.3 Dodging
 + Level 8.2 Stealth
 - Level 5.0 Spellcasting
 + Level 6.0 Necromancy
 + Level 3.3 Ice Magic


You had 6 spell levels left.
You knew the following spells:

 Your Spells              Type           Power        Failure   Level
a - Death Channel         Necr           9%           71%         6
b - Animate Skeleton      Necr           38%          1%          1
c - Simulacrum            Ice/Necr       7%           87%         6

Your spell library contained the following spells:

 Spells                   Type           Power        Failure   Level
 Pain                     Necr           76%          1%          1
 Sublimation of Blood     Necr           9%           1%          2
 Vampiric Draining        Necr           9%           2%          3
 Dispel Undead            Necr           19%          8%          4
 Apportation              Tloc           6%           9%          1
 Corona                   Hex            3%           9%          1
 Summon Small Mammal      Summ           12%          9%          1
 Excruciating Wounds      Necr           9%           21%         5
 Confusing Touch          Hex            3%           26%         3
 Gell's Gravitas          Tloc           1%           26%         3
 Borgnjor's Vile Clutch   Necr/Erth      5%           56%         5
 Petrify                  Tmut/Erth      3%           63%         4
 Metabolic Englaciation   Hex/Ice        3%           75%         5
 Yara's Violent Unravell  Hex/Tmut       1%           91%         5


Dungeon Overview and Level Annotations

Branches:
Dungeon (11/15)            Temple (1/1) D:4            Lair (1/6) D:9
    Orc (0/2) D:11

Altars:
Ashenzari
Cheibriados
Dithmenos
Elyvilon
Fedhas
Gozag
Hepliaklqana
Kikubaaqudgha
Makhleb
Nemelex Xobeh
Okawaru
Qazlal
Ru
Sif Muna
Trog
Uskayaw
Vehumet
Wu Jian
Xom
Yredelemnul
Zin
The Shining One

Shops:
D:5 :   D:7 =

Annotations:
D:10 Fannar


Innate Abilities, Weirdness & Mutations

You have large cloven feet.
A weak demonic guardian rushes to your aid.
You are partially covered in sharp spines.
When seriously injured, your bleeding wounds create armour. (AC +6)


Message History

The ice beast hits you. The ice beast freezes you!
You climb upwards.
Your summoned ally is left behind.
There is a stone staircase leading down here.
You take 13 damage, and have 57/74 hp.
(D) Dungeon (T) Temple (L) Lair (O) Orcish Mines
Where to? (Enter - Lair:1, ? - help)
What level of the Lair of Beasts? (default 1, ? - help)
There is an open door here.
There is a staircase to the Lair here.
You climb downwards.
Welcome to the Lair of Beasts!
Found a long sword.
There is a staircase back to the Dungeon here.
You regained 4 hp, and now have 61/74 hp.
HP restored.
A cane toad comes into view.
You see here 18 gold pieces.
Health restored: 74
Found an escape hatch in the floor.
You hit the cane toad.
You kick the cane toad, but do no damage.
The cane toad is lightly wounded.
The cane toad stings you!
You take 17 damage, and have 57/74 hp.
MASSIVE DAMAGE!!
You hit the cane toad. You kick the cane toad.
The cane toad is moderately wounded.
The cane toad barely misses you.
You hit the cane toad. Your kick misses the cane toad.
The cane toad is heavily wounded.
You hit the cane toad but do no damage. Your kick misses the cane toad.
The cane toad is heavily wounded.
The cane toad stings you!
Your blood congeals into armour.
You take 16 damage, and have 41/74 hp.
MASSIVE DAMAGE!!
You are too injured to fight recklessly!
You are too injured to fight recklessly!
You are too injured to fight recklessly!
You are too injured to fight recklessly!
You are too injured to fight recklessly!
You are too injured to fight recklessly!
You are too injured to fight recklessly!
You are too injured to fight recklessly!
You are too injured to fight recklessly!
You are too injured to fight recklessly!
You are too injured to fight recklessly!
You are too injured to fight recklessly!
You are too injured to fight recklessly!
You are too injured to fight recklessly!
You are too injured to fight recklessly!
You are too injured to fight recklessly!
You are too injured to fight recklessly!
You are too injured to fight recklessly!
You are too injured to fight recklessly!
You are too injured to fight recklessly!
The cane toad stings your white imp!
Your white imp dies!
The cane toad stings you!
* * * LOW HITPOINT WARNING * * *
You take 13 damage, and have 28/74 hp.
You hit the cane toad but do no damage.
The cane toad is poisoned.
You kick the cane toad, but do no damage.
The cane toad is heavily wounded.
The cane toad is struck by your spines. The cane toad stings you.
* * * LOW HITPOINT WARNING * * *
You are poisoned.
The cane toad poisons you!
You take 2 damage, and have 26/74 hp.
You hit the cane toad but do no damage.
You kick the cane toad, but do no damage.
The cane toad is severely wounded.
You feel sick.
You take 1 damage, and have 25/74 hp.
You closely miss the cane toad. Your kick misses the cane toad.
The cane toad is severely wounded.
You feel sick. The cane toad closely misses you.
You take 1 damage, and have 24/74 hp.
You hit the cane toad.
The cane toad is almost dead.
The cane toad is struck by your spines. The cane toad stings you!
* * * LOW HITPOINT WARNING * * *
You are lethally poisoned!
The cane toad poisons you!
You take 14 damage, and have 10/74 hp.
Unknown command.
It was a potion of curing.
You feel better. The cane toad completely misses you.
You regained 6 hp, and now have 16/74 hp.
You barely miss the cane toad.
You kick the cane toad, but do no damage.
The cane toad is almost dead.
You barely miss the cane toad.
The cane toad is almost dead.
The cane toad misses you.
You hit the cane toad but do no damage.
You kick the cane toad, but do no damage.
The cane toad is almost dead.
The cane toad is struck by your spines. The cane toad stings you!
* * * LOW HITPOINT WARNING * * *
You take 11 damage, and have 5/74 hp.
You feel better. The cane toad stings you!!
You die...
Kikubaaqudgha rasps: "You have failed me!
Welcome... death!"

.... ███..... ...
.....>.. ......
........ ......
.......█ ........
......█
█....█.███......█
█...█.....█.....█
█.?.█.....@F....█
█.........▲.....█
██.........█......█
█....█.............
█...█.....█.....██
█....$....█.....██
█...█PP.▲██......█████
█P.....P.....).........
██.....................


You could see a cane toad (very poisoned).

Vanquished Creatures
  A two-headed ogre (D:8)
  An ugly thing (D:11)
  A polar bear (D:8)
  2 trolls
  Sigmund (D:2)
  A steam dragon (D:8)
  4 ice beasts
  An eye of draining (D:10)
  2 phantoms (D:9)
  2 black bears (D:9)
  6 ogres
  5 centaurs
  A lemure (D:9)
  5 bullfrogs
  3 scorpions
  8 wights
  6 howler monkeys
  3 hounds
  A gnoll shaman (D:8)
  6 orc priests
  A jelly (D:7)
  6 orc wizards
  A bullfrog skeleton (D:8)
  2 iguanas
  8 worker ants
  A centaur simulacrum (D:8)
  A hound skeleton (D:7)
  8 gnolls
  A howler monkey skeleton (D:2)
  11 adders
  2 hound simulacra (D:8)
  A shadow imp (D:5)
  2 white imps
  An ufetubus (D:9)
  An ooze (D:1)
  2 worms
  A dart slug (D:2)
  3 leopard geckos
  21 orcs
  5 giant cockroaches
  7 goblins
  7 hobgoblins
  6 jackals
  7 quokkas
  2 ball pythons
  5 bats
  5 frilled lizards
  3 kobolds
  A quokka skeleton (D:6)
  5 rats
187 creatures vanquished.

Vanquished Creatures (collateral kills)
  Pikel (D:9)
  An orc warrior (D:8)
  A wight (D:9)
  A jelly (D:6)
  An orc wizard (D:5)
  A worker ant (D:8)
  3 orcs
  A hobgoblin (D:3)
  A jackal (D:3)
11 creatures vanquished.

Vanquished Creatures (others)
  A fungus (D:9)
  A plant (D:9)
2 creatures vanquished.

Grand Total: 200 creatures vanquished

Notes
Turn   | Place    | Note
-------+----------+-------------------------------------------
     0 | D:5      | Goblin1989 the Demonspawn Delver began the quest for the
                  | Orb.
     0 | D:5      | Reached XP level 1. HP: 18/18 MP: 1/1
    86 | D:4      | Reached skill level 2 in Short Blades
   381 | D:4      | Gained mutation: A weak demonic guardian rushes to your
                  | aid. [demonic ancestry]
   381 | D:4      | Reached XP level 2. HP: 24/24 MP: 2/2
   593 | D:4      | Noticed a scorpion
   598 | D:4      | Found a staircase to the Ecumenical Temple.
   611 | D:4      | Reached skill level 3 in Short Blades
   611 | D:4      | Gained mutation: You are partially covered in sharp spines.
                  | [demonic ancestry]
   611 | D:4      | Reached XP level 3. HP: 29/29 MP: 3/3
   624 | Temple   | Entered the Ecumenical Temple
   794 | Temple   | Became a worshipper of Kikubaaqudgha
   818 | D:4      | Reached skill level 5 in Stealth
  1284 | D:1      | You fall into a shaft and drop 1 floor!
  1377 | D:1      | Gained mutation: You have large cloven feet. [demonic
                  | ancestry]
  1377 | D:1      | Reached XP level 4. HP: 35/35 MP: 4/4
  1452 | D:1      | You fall into a shaft and drop 1 floor!
  2184 | D:2      | Noticed Sigmund
  2201 | D:2      | Killed Sigmund
  2202 | D:2      | Reached skill level 4 in Short Blades
  2202 | D:2      | Gained mutation: When seriously injured, your bleeding
                  | wounds create armour. (AC +6) [demonic ancestry]
  2202 | D:2      | Reached XP level 5. HP: 9/41 MP: 5/5
  2748 | D:2      | Reached * piety under Kikubaaqudgha
  2748 | D:2      | Identified Kikubaaqudgha's Compendium of Sinister Arts {god
                  | gift} (Kikubaaqudgha gifted it to you on level 2 of the
                  | Dungeon)
  2748 | D:2      | Received a gift from Kikubaaqudgha
  2754 | D:2      | Learned a level 1 spell: Animate Skeleton
  2814 | D:3      | Reached XP level 6. HP: 41/47 MP: 6/6
  2943 | D:3      | Reached skill level 5 in Short Blades
  2943 | D:3      | Reached skill level 1 in Necromancy
  3321 | D:3      | Reached ** piety under Kikubaaqudgha
  3667 | D:4      | Reached skill level 1 in Spellcasting
  3751 | D:4      | Reached XP level 7. HP: 52/52 MP: 7/9
  3875 | D:5      | Found Ociummoto's Book Boutique.
  4221 | D:5      | Reached skill level 6 in Short Blades
  4642 | D:5      | Found a glowing silver altar of Zin.
  4776 | D:6      | Reached XP level 8. HP: 58/58 MP: 11/11
  4823 | D:6      | Got a crystal dagger
  4824 | D:6      | Identified the cursed +1 dagger of the Smoking Messenger
                  | {venom, *Drain Str+3} (You found it on level 6 of the
                  | Dungeon)
  5487 | D:6      | Found a shadowy altar of Dithmenos.
  5507 | D:6      | Reached skill level 7 in Short Blades
  5768 | D:7      | Found a snail-covered altar of Cheibriados.
  5837 | D:7      | Reached *** piety under Kikubaaqudgha
  5837 | D:7      | Identified Kikubaaqudgha's Grimoire of Dark Magic {god
                  | gift} (Kikubaaqudgha gifted it to you on level 7 of the
                  | Dungeon)
  5837 | D:7      | Received a gift from Kikubaaqudgha
  5848 | D:7      | Learned a level 6 spell: Death Channel
  5855 | D:7      | Learned a level 6 spell: Simulacrum
  6313 | D:7      | Found Helorhux's Jewellery Shoppe.
  6429 | D:8      | Noticed a polar bear
  6448 | D:8      | Killed a polar bear
  6449 | D:8      | Reached XP level 9. HP: 60/64 MP: 14/14
  6477 | D:8      | Reached skill level 1 in Ice Magic
  6483 | D:8      | Noticed a two-headed ogre
  6485 | D:8      | Killed a two-headed ogre
  6486 | D:8      | Reached skill level 8 in Short Blades
  6755 | D:8      | Noticed a troll
  6758 | D:8      | Killed a troll
  6808 | D:8      | Reached skill level 5 in Necromancy
  7446 | D:8      | You fall into a shaft and drop 3 floors!
  7590 | D:11     | Found a staircase to the Orcish Mines.
  7690 | D:11     | Noticed a brown ugly thing
  7707 | D:11     | Killed a cyan ugly thing
  7708 | D:11     | Reached XP level 10. HP: 32/73 MP: 16/16
  7942 | D:10     | Entered Level 10 of the Dungeon
  8059 | D:8      | Reached **** piety under Kikubaaqudgha
  8400 | D:9      | Found a staircase to the Lair.
  8560 | D:9      | Found a white marble altar of Elyvilon.
  8608 | D:9      | Noticed Pikel
  8659 | D:9      | Killed Pikel
  8660 | D:9      | Reached skill level 9 in Short Blades
  8862 | D:9      | Reached skill level 5 in Spellcasting
  9292 | D:9      | Found a shimmering altar of Xom.
  9293 | D:9      | Found a sacrificial altar of Ru.
  9545 | D:9      | Found a blossoming altar of Fedhas.
  9991 | D:9      | Reached skill level 5 in Fighting
 10207 | D:10     | Noticed Fannar
 10264 | Lair:1   | Entered Level 1 of the Lair of Beasts
 10336 | Lair:1   | Noticed a cane toad
 10356 | Lair:1   | Mangled by a cane toad

Illustrated notes

Levels and vault maps discovered:
D:1:      doesnt_arrival_eight_statues, layout_basic,
          chequers_serial_rivers_room_b
D:2:      layout_loops_ring, uniq_sigmund
D:3:      layout_rooms
D:4:      layout_loops_ring, minmay_temple_entry_proselytizer
D:5:      layout_basic, kennysheep_mini_moat, serial_shops, shop, minivault_1
D:6:      layout_loops_ring, kennysheep_mini, kennysheep_generic_room_9
D:7:      layout_basic, serial_shops, nicolae_shop_waterfront,
          cheibriados_altar_2
D:8:      minmay_quarter_circles, layout_rooms, serial_ice, serial_ice_o,
          serial_ice_j, serial_ice_d, serial_ice_e, minmay_crossroads
D:9:      layout_roguey, nicolae_overflow_hidden_temple, fedhas_altar_4,
          gammafunk_temple_overflow_statue, dpeg_oklobed_lair, uniq_pikel
D:10:     layout_cave_pools, chequers_serial_rivers_room_b,
          lemuel_hellish_altar, uniq_fannar
D:11:     layout_grid_maze, minmay_orc_entry_guard_dogs, serial_shops,
          nicolae_shop_crystal, basic_altar, enter_trove_5
Temple:   eino_temple_rhombus
Lair:1:   layout_regular_city, disabler_island

Skill      XL: |  1  2  3  4  5  6  7  8  9 10 |
---------------+-------------------------------+-----
Short Blades   | 2 3 4 5 6 7 8 9 |  9.2
Stealth        | 5 6 7 8 |  8.2
Necromancy     | 1 3 4 5 6 |  6.0
Spellcasting   | 1 2 3 4 5 |  5.0
Dodging        | 2 3 4 |  4.3
Ice Magic      | 2 3 |  3.3
Fighting       | 4 5 |  5.0

Action                   |  1- 3 |  4- 6 |  7- 9 | 10-12 || total
-------------------------+-------+-------+-------+-------++-------
Melee: Short sword       |    51 |   107 |       |       ||   158
       Kick              |       |    28 |    80 |    47 ||   155
       Dagger            |       |    22 |   256 |   167 ||   445
Throw: Stone             |    10 |       |       |       ||    10
       Dart              |     8 |       |     3 |       ||    11
 Cast: Animate Skeleton  |       |    10 |     7 |       ||    17
  Use: Potion            |       |     1 |     2 |     2 ||     5
       Scroll            |       |       |     3 |     1 ||     4
 Stab: Sleeping          |     4 |    10 |    15 |     7 ||    36
       Distracted        |       |     1 |     2 |     2 ||     5
Armor: Leather armour    |     7 |    22 |    31 |    23 ||    83
Dodge: Dodged            |    20 |    35 |    85 |    61 ||   201
